 Dungeon Crawl Stone Soup version 0.27-a0-1191-g601b473118 (webtiles) character file.

Game seed: 8092503607599189376

4 Zonian the Caller (level 1, -1/7 HPs)
             Began as a Felid Summoner on May 25, 2021.
             Slain by a kobold
             ... wielding a +0 dagger
              (3 damage)
             ... on level 1 of the Dungeon.
             The game lasted 00:00:41 (298 turns).

Zonian the Caller (Felid Summoner)                   Turns: 298, Time: 00:00:41

Health: -1/7       AC:  1    Str:  4    XL:     1   Next: 58%
Magic:  4/4        EV: 17    Int: 16    God:
Gold:   0          SH:  0    Dex: 16    Spells: 3/4 levels left
                                        Lives:  0   Deaths: 0

rFire    . . .     SeeInvis +   (weapon unavailable)
rCold    . . .     Faith    .   (shield unavailable)
rNeg     . . .     Spirit   .   (armour unavailable)
rPois    .         Reflect  .   (helmet unavailable)
rElec    .         Harm     .   (cloak unavailable)
rCorr    .         Rampage  .   (gloves unavailable)
Will     .....                  (boots unavailable)
Stlth    ++........             (no amulet)
HPRegen  0.02/turn              (no ring)
MPRegen  0.09/turn              (no ring)

@: quick
A: very small, claws 1, fangs 3, see invisible, speed 1, shaggy fur 1, stealthy
paws, no weapons or thrown items, no armour, multi-lived
a: no special abilities


You were on level 1 of the Dungeon.
You visited 1 branch of the dungeon, and saw 1 of its levels.

You aren't carrying anything.


   Skills:
 + Level 2.7 Dodging
 + Level 2.7 Stealth
 + Level 0.2 Unarmed Combat
 + Level 2.0 Spellcasting
 + Level 4.2 Summonings


You had 3 spell levels left.
You knew the following spells:

 Your Spells              Type           Power      Damage    Failure   Level
a - Summon Small Mammal   Summ           60%        N/A       3%          1

Your spell library contained the following spells:

 Spells                   Type           Power      Damage    Failure   Level
 Call Imp                 Summ           15%        N/A       5%          2
 Call Canine Familiar     Summ           15%        N/A       11%         3
 Summon Guardian Golem    Hex/Summ       8%         N/A       26%         3
 Summon Ice Beast         Ice/Summ       8%         N/A       65%         4
 Summon Lightning Spire   Summ/Air       8%         N/A       65%         4


Dungeon Overview and Level Annotations

Branches:
Dungeon (1/15)

Altars:


Innate Abilities, Weirdness & Mutations

You have sharp claws.
You have razor-sharp teeth.
You have supernaturally acute eyesight. (SInv)
You cover ground quickly. (Speed+)
You are covered in fur. (AC +1)
Your paws help you pounce on unaware monsters.
You are incapable of wielding weapons or throwing items.
You cannot wear armour.
You gain extra lives every three experience levels.


Message History

Your bat barely misses the kobold.
Unknown command.
The bat hits your bat.
Your bat closely misses the bat.
The kobold hits your bat with a +0 short sword.
Your bat dies!
Your bat's corpse disappears in a puff of smoke!
The bat misses you.
Unknown command.
You closely miss the bat. The bat completely misses you. The bat hits you.
You scratch the bat but do no damage. Your bite misses the bat.
The bat misses you.
You barely miss the bat. Your bite misses the bat.
The bat completely misses you. The bat barely misses you.
Unknown command.
You closely miss the bat. The bat misses you. The bat completely misses you.
You closely miss the bat. The bat misses you. The bat closely misses you.
Unknown command.
You miss the bat. The bat barely misses you. The bat completely misses you.
You completely miss the bat. The bat hits you but does no damage.
The bat misses you.
You completely miss the bat. The bat closely misses you.
The bat barely misses you.
You scratch the bat.
The bat is severely wounded.
The bat completely misses you. The bat barely misses you.
You scratch the bat.
You kill the bat!
You scratch the kobold but do no damage.
The kobold barely misses you.
You barely miss the kobold. The kobold barely misses you.
You closely miss the kobold. Your bite misses the kobold.
The kobold hits you with a +0 dagger.
* * * LOW HITPOINT WARNING * * *
You barely miss the kobold. The kobold misses you.
You closely miss the kobold. The kobold barely misses you.
Unknown command.
You scratch the kobold.
The kobold is heavily wounded.
The kobold hits you with a +0 dagger.
You die...

>...... ##....... #.
#........ ... .$.......
#.### #........ .#....#
#........
.......###........
........@KK.......
........####......
.........†# .....
.......)..###.######
.#....###.#...##.#..
#.######.#.##...#.# ###
#...............#.# .#..
#.######...#.####.#.#.##
..............#.#.#.#.


You could see 2 kobolds.

Vanquished Creatures
  An endoplasm (D:1)
  A giant cockroach (D:1)
  A bat (D:1)
  A kobold (D:1)
4 creatures vanquished.

Vanquished Creatures (collateral kills)
  A ball python (D:1)
1 creature vanquished.

Grand Total: 5 creatures vanquished

Notes
Turn   | Place    | Note
-------+----------+-------------------------------------------
     0 | D:1      | Zonian the Felid Summoner began the quest for the Orb.
     0 | D:1      | Reached XP level 1. HP: 7/7 MP: 4/4
   298 | D:1      | Slain by a kobold

Illustrated notes

Levels and vault maps discovered:
D:1:      matt_arrival_los_fun, layout_rooms,
          shapermc_ecumenical_altar_notcrosses

Action                   || total
-------------------------++-------
Melee: Unarmed           ||    20
       Bite              ||     1
 Cast: Summon Small Mamm ||     1
 Stab: Sleeping          ||     1
Armor: Skin              ||     2
Dodge: Dodged            ||    22

Table legend: (Time is in decaauts)
 A = Elapsed time spent in this place.
 B = Non-inter-level travel time spent in this place.
 C = Inter-level travel time spent in this place.
 D = Time resting spent in this place.
 E = Time spent auto-exploring this place.
 F = Levels seen in this place.
 G = Mean time per level.
                   A        B        C        D        E       F      G
               +--------+--------+--------+--------+--------+-----+--------+
         Total |    281 |    281 |      0 |    185 |     48 |   1 |  281.0 |
       Dungeon |    281 |    281 |      0 |    185 |     48 |   1 |  281.0 |
               +--------+--------+--------+--------+--------+-----+--------+

Top non-repeatable levels by time:
     D:1: 281 daAuts
